 Dungeon Crawl Stone Soup version 0.19.1 (webtiles) character file.

15097 tognito the Cleaver (level 11, -5/160 HPs)
             Began as a Minotaur Berserker on Nov 30, 2016.
             Was a High Priest of Trog.
             Slain by Frances
             ... wielding a +2 glaive of venom
              (12 damage)
             ... on level 12 of the Dungeon.
             The game lasted 00:25:28 (12391 turns).

tognito the Cleaver (Minotaur Berserker)           Turns: 12391, Time: 00:25:29

Health: -5/160     AC: 17    Str: 31    XL:     11   Next: 97%
Magic:  10/10      EV: 11    Int:  4    God:    Trog [*****.]
Gold:   623        SH:  0    Dex:  9    Spells: 0 memorised, 10 levels left

rFire  . . .     SeeInvis .     a - +3 executioner's axe (venom)
rCold  + . .     Gourm    +     G - +0 plate armour
rNeg   . . .     Faith    .     (shield currently unavailable)
rPois  .         Spirit   .     (helmet restricted)
rElec  .         Reflect  .     (no cloak)
rCorr  .         Harm     .     M - +0 pair of gloves
MR     .....                    L - +0 pair of boots
Stlth  ..........               P - amulet of the gourmand
                                J - ring of protection from cold
                                B - ring of stealth

@: berserking, lethally poisoned (-5 -> -39), drained, very quick
A: retaliatory headbutt, horns 2
a: Berserk, Trog's Hand, Brothers in Arms, Burn Spellbooks, Renounce Religion


You were on level 12 of the Dungeon.
You worshipped Trog.
Trog was extremely pleased with you.
You were not hungry.

You visited 1 branch of the dungeon, and saw 12 of its levels.

You collected 623 gold pieces.

Inventory:

Hand Weapons
 a - a +3 executioner's axe of venom (weapon)
 R - the +3 war axe "Qaxkaab" {chop, rF+}
   (You found it on level 7 of the Dungeon)

   It inflicts extra damage upon your enemies.
   It protects you from fire.
Missiles
 h - 3 bolts
Armour
 G - a +0 plate armour (worn)
 L - a +0 pair of boots (worn)
 M - a +0 pair of gloves (worn)
Jewellery
 o - an uncursed ring of ice
 B - a ring of stealth (left hand)
 J - a ring of protection from cold (right hand)
 P - an amulet of the gourmand (around neck)
Wands
 w - a wand of teleportation (5/9)
 y - a wand of slowing (18/48)
 z - a wand of lightning (7/15)
 D - a wand of confusion (24/48)
 I - a wand of polymorph (11/24)
 O - a wand of confusion (26/48)
Scrolls
 d - 7 scrolls of teleportation {unknown}
 e - 6 scrolls of remove curse {unknown}
 f - 2 scrolls of noise {unknown}
 l - 4 scrolls of enchant armour {unknown}
 m - 3 scrolls of fear {unknown}
 n - a scroll of magic mapping {unknown}
 q - 10 scrolls of identify
 r - a scroll of blinking {unknown}
 t - 2 scrolls of fog {unknown}
 v - a scroll of enchant weapon {unknown}
 A - a scroll of amnesia {unknown}
 C - 2 scrolls of random uselessness {unknown}
 F - a scroll of recharging {unknown}
Potions
 k - a potion of brilliance
 s - 3 potions of haste
 u - a potion of ambrosia
 x - a potion of resistance
 E - a potion of heal wounds
 K - 2 potions of flight
 N - a potion of curing
Miscellaneous
 Q - a crystal ball of energy
Comestibles
 c - 7 bread rations
 g - 8 fruits
 i - 2 slices of pizza
 j - 11 royal jellies
 p - 6 meat rations
 H - 3 beef jerkies


   Skills:
 * Level 13.4(13.1) Fighting
 * Level 13.8(13.5) Axes
 + Level 9.6(9.3) Armour
 + Level 9.0(8.7) Dodging


You had 10 spell levels left.
You didn't know any spells.

Dungeon Overview and Level Annotations

Branches:
Dungeon (12/15)            Temple (0/1) D:6            Lair (0/6) D:10
    Orc (0/2) D:9

Altars:
Cheibriados
Hepliaklqana
Makhleb
Nemelex Xobeh
Okawaru
Qazlal
Ru
Sif Muna

Annotations:
D:12 Frances


Innate Abilities, Weirdness & Mutations

You reflexively headbutt those who attack you in melee.
You have a pair of horns on your head.


Message History

* * * LOW HITPOINT WARNING * * *
You are more poisoned.
Your plate armour prevents you from hitting something.
* * * LOW HITPOINT WARNING * * *
You feel very sick. Something hits you but does no damage.
You are more poisoned.
Something hits you but does no damage.
You are more poisoned.
A red film seems to cover your vision as you go berserk!
You feel yourself moving faster!
You feel mighty!
You feel quite a bit more hungry.
* * * LOW HITPOINT WARNING * * *
You feel very sick.
You hear some strange, mumbled words.
You slice something!!
* * * LOW HITPOINT WARNING * * *
You feel very sick. Something hits you!
You die...

### ..# #.# #.#
#.#####.#####3#
.......?..@...#
......
.#####.#####.#
.[.... #.#
...... #.# .#
(.(...## #.#
#####.#
.).....# ###.#
####......
...)...# #(..#
.........
.......####.###
#.......
[.....)((##.#
#.......


You could see a sun demon.

Vanquished Creatures
  The ghost of appiemonkey the Fighter, a journeyman MiFi of Okawaru (D:11)
  Harold (D:11)
  4 hill giants
  An ugly thing (D:10)
  A cyclops (D:11)
  A deep elf mage (D:12)
  Joseph (D:12)
  2 centaur skeletons
  4 trolls
  A hornet (D:9)
  Prince Ribbit (D:8)
  3 hippogriffs
  2 slime creatures (D:12)
  6 yaks (D:10)
  2 wyverns (D:10)
  Grum (D:8)
  2 hungry ghosts
  2 water moccasins
  4 orc warriors
  A sky beast (D:11)
  2 black bears
  4 ice beasts
  3 necrophages (D:10)
  2 wolves (D:8)
  6 ogres
  4 centaurs
  A crocodile (D:11)
  A big kobold (D:12)
  Blork the orc (D:6)
  6 bullfrogs
  A wyvern skeleton (D:7)
  3 scorpions
  14 killer bees
  4 wights (D:7)
  8 howler monkeys
  5 jellies
  A quasit (D:10)
  13 orc priests
  6 hounds
  14 orc wizards
  Ijyb (D:2)
  5 iguanas
  6 worker ants
  2 hound zombies
  2 hound skeletons
  A worker ant zombie (D:10)
  15 adders
  A howler monkey skeleton (D:7)
  6 oozes
  5 adder skeletons
  3 worms
  6 dart slugs
  A leopard gecko (D:2)
  51 orcs
  4 ball pythons
  6 giant cockroaches
  11 hobgoblins
  8 jackals
  6 quokkas
  8 bats
  7 frilled lizards
  7 goblins
  A jackal skeleton (D:4)
  10 kobolds
  2 leopard gecko zombies
  A quokka zombie (D:6)
  6 rats
322 creatures vanquished.

Vanquished Creatures (collateral kills)
  A slime creature (D:12)
  An orc warrior (D:12)
  An ogre (D:8)
  A killer bee (D:8)
  An iguana (D:8)
5 creatures vanquished.

Grand Total: 327 creatures vanquished

Notes
Turn   | Place    | Note
-------+----------+-------------------------------------------
     0 | D:1      | tognito the Minotaur Berserker began the quest for the Orb.
     0 | D:1      | Reached XP level 1. HP: 19/19 MP: 0/0
   151 | D:1      | Reached XP level 2. HP: 27/27 MP: 1/1
   513 | D:1      | Reached XP level 3. HP: 32/33 MP: 2/2
  1458 | D:2      | Reached XP level 4. HP: 41/41 MP: 3/3
  1600 | D:2      | Noticed Ijyb
  1616 | D:2      | Killed Ijyb
  1667 | D:2      | Reached ** piety under Trog
  2225 | D:3      | Reached skill level 5 in Fighting
  2225 | D:3      | Reached XP level 5. HP: 24/48 MP: 4/4
  2555 | D:3      | Reached skill level 5 in Axes
  3149 | D:4      | Noticed an ogre
  3154 | D:4      | Killed an ogre
  3154 | D:4      | Reached XP level 6. HP: 33/56 MP: 5/5
  3403 | D:4      | Reached *** piety under Trog
  3646 | D:4      | Reached XP level 7. HP: 34/63 MP: 6/6
  4417 | D:5      | Entered Level 5 of the Dungeon
  4509 | D:5      | Noticed Blork the orc
  4923 | D:5      | Found a sacrificial altar of Ru.
  5272 | D:6      | Found a staircase to the Ecumenical Temple.
  5377 | D:6      | Killed Blork the orc
  5377 | D:6      | Reached XP level 8. HP: 70/73 MP: 7/7
  5404 | D:6      | Reached **** piety under Trog
  5413 | D:6      | Reached skill level 5 in Armour
  6046 | D:7      | Reached skill level 5 in Dodging
  6256 | D:7      | Got an iridescent war axe
  6264 | D:7      | Identified the +3 war axe "Qaxkaab" {chop, rF+} (You found it on level 7 of the Dungeon)
  6712 | D:8      | Reached XP level 9. HP: 55/82 MP: 8/8
  6744 | D:8      | Noticed Grum
  6762 | D:8      | Killed Grum
  6992 | D:8      | Found an iron altar of Okawaru.
  6994 | D:8      | Found a deep blue altar of Sif Muna.
  6996 | D:8      | Found a sparkling altar of Nemelex Xobeh.
  7058 | D:8      | Found a burning altar of Makhleb.
  7200 | D:8      | Noticed Prince Ribbit
  7206 | D:8      | Killed Prince Ribbit
  7318 | D:8      | Reached skill level 10 in Axes
  7339 | D:8      | Found a sacrificial altar of Ru.
  7372 | D:8      | Found a stormy altar of Qazlal.
  7380 | D:8      | Reached skill level 10 in Fighting
  7531 | D:8      | Found a snail-covered altar of Cheibriados.
  7812 | D:8      | Reached ***** piety under Trog
  8005 | D:9      | Found a staircase to the Orcish Mines.
  8078 | D:9      | Found a hazy altar of Hepliaklqana.
  8098 | D:9      | Reached XP level 10. HP: 87/94 MP: 9/9
  8848 | D:9      | Paralysed by a hornet for 2 turns
  9189 | D:10     | Entered Level 10 of the Dungeon
  9251 | D:10     | Noticed a hill giant
  9260 | D:10     | Killed a hill giant
  9779 | D:10     | Reached XP level 11. HP: 61/104 MP: 10/10
  9847 | D:10     | Noticed a cyan ugly thing
  9856 | D:10     | Killed a cyan ugly thing
 10348 | D:10     | Noticed a hill giant
 10353 | D:10     | Killed a hill giant
 10422 | D:10     | Noticed a hill giant
 10428 | D:10     | Received a gift from Trog
 10429 | D:10     | Killed a hill giant
 10612 | D:10     | Found a staircase to the Lair.
 10772 | D:11     | Noticed appiemonkey's ghost (journeyman MiFi)
 10787 | D:11     | Killed appiemonkey's ghost
 10977 | D:11     | Noticed a hill giant
 10982 | D:11     | Killed a hill giant
 11716 | D:11     | Noticed Harold
 11733 | D:11     | Killed Harold
 12028 | D:12     | Noticed Joseph
 12034 | D:12     | Noticed a deep elf mage
 12067 | D:12     | Killed a deep elf mage
 12074 | D:12     | Killed Joseph
 12381 | D:12     | Noticed Frances
 12391 | D:12     | Noticed a sun demon
 12391 | D:12     | HP: 7/160 [poisoned by Frances]
 12391 | D:12     | Slain by Frances

Skill      XL: |  1  2  3  4  5  6  7  8  9 10 11 |
---------------+----------------------------------+-----
Axes           | 4 5 6 7 9 10 12 13 | 13.8
Fighting       | 4 5 6 7 8 10 12 13 | 13.4
Armour         | 3 4 5 7 8 9 |  9.6
Dodging        | 3 4 5 6 8 9 |  9.0

Action                   |  1- 3 |  4- 6 |  7- 9 | 10-12 || total
-------------------------+-------+-------+-------+-------++-------
Melee: Hand axe          |    88 |   144 |   155 |       ||   387
       Headbutt          |    10 |    30 |    53 |    53 ||   146
       War axe           |       |       |   167 |   151 ||   318
       Executioner's axe |       |       |       |   127 ||   127
 Fire: Hand crossbow     |       |       |    74 |    80 ||   154
Invok: Berserk           |       |       |     1 |     2 ||     3
       Trog's Hand       |       |       |     1 |     1 ||     2
       Brothers in Arms  |       |       |     1 |     1 ||     2
  Use: Potion            |     4 |     6 |     3 |     2 ||    15
       Scroll            |       |       |     1 |       ||     1
 Stab: Sleeping          |     1 |       |       |       ||     1
  Eat: Chunk             |     2 |     7 |    15 |    19 ||    43
       Fruit             |       |       |     5 |       ||     5
Armor: Animal skin       |     9 |       |       |       ||     9
       Ring mail         |    20 |    20 |       |       ||    40
       Scale mail        |       |    12 |       |       ||    12
       Chain mail        |       |    18 |    64 |       ||    82
       Plate armour      |       |       |    70 |   185 ||   255
Dodge: Dodged            |    53 |    71 |   132 |   168 ||   424
Block: Shield            |       |       |     9 |       ||     9
